Map: Eternal Empire LE

Players

Robbie (Rob)

  • Race: Protoss Protoss
  • League: Grandmaster
  • Spawn Location: 1:00

Nina - Winner!

  • Race: Protoss Protoss
  • League: Grandmaster
  • Spawn Location: 7:00

Event: DreamHack SC2 Masters 2020 Fall

VOD

Have the link to the VOD?

Description

Time

  • Played on: Sept. 1, 2020, 7:07 p.m.
  • Length: 4:22

All games in this series

Show
View Real Time Build Order
Export as new Build Order

Robbie Protoss 

Build Orders: Nexus First 

Get SALT Encoding   

  12  0:00  Probe  
  13  0:12  Probe  
  14  0:17  Pylon  
  14  0:24  Probe (Chrono Boost)  
  15  0:36  Probe (Chrono Boost)  
  16  0:43  Probe (Chrono Boost)  
  17  0:51  Probe  
  18  1:00  Nexus  
  18  1:10  Gateway  
  18  1:13  Probe (Chrono Boost)  
  19  1:19  Assimilator  
  19  1:23  Probe (Chrono Boost)  
  20  1:26  Assimilator  
  20  1:28  Probe (Chrono Boost)  
  21  1:39  Probe  
  22  1:41  Gateway  
  22  1:51  Probe  
  23  1:58  Cybernetics Core  
  23  2:12  Probe x2 (Chrono Boost)  
  27  2:23  Probe x2 (Chrono Boost)  
  27  2:27  Probe (Chrono Boost)  
  27  2:28  Probe (Chrono Boost)  
  29  2:34  Stalker x2  
  33  2:38  Probe x2  
  33  2:40  Pylon  
  35  2:48  Stargate  
  36  2:51  Probe x2  
  37  3:03  Shield Battery, Probe x2  
  39  3:11  Stalker  
  28  3:12  Stalker  
  42  3:20  Probe x2  
  42  3:21  Shield Battery  
  42  3:26  Void Ray (Chrono Boost)  
  44  3:37  Pylon  
  44  3:39  Pylon  
  46  3:47  Shield Battery, Probe  
  46  3:55  Probe  
  47  3:59  Probe  
  47  4:00  Assimilator  
  47  4:01  Forge  
  48  4:03  Assimilator  
  48  4:07  Probe  
Show
View Real Time Build Order
Export as new Build Order

Nina Protoss - Winner!

Build Orders:  

Get SALT Encoding   

  12  0:00  Probe  
  13  0:12  Probe  
  14  0:17  Pylon  
  14  0:25  Probe (Chrono Boost)  
  15  0:37  Gateway, Probe (Chrono Boost)  
  16  0:44  Probe (Chrono Boost)  
  16  0:46  Assimilator  
  17  0:51  Probe  
  17  0:55  Assimilator  
  18  1:03  Probe (Chrono Boost)  
  19  1:13  Gateway, Probe (Chrono Boost)  
  19  1:18  Probe (Chrono Boost)  
  20  1:25  Cybernetics Core  
  21  1:31  Probe  
  22  1:35  Pylon  
  22  1:45  Probe  
  23  2:01  Stalker  
  23  2:02  Stalker  
  23  2:07  Robotics Facility  
  27  2:10  Warp Gate (Chrono Boost)  
  27  2:13  Pylon  
  27  2:19  Probe  
  28  2:32  Stalker  
  28  2:35  Stalker  
  32  2:46  Gateway  
  32  2:55  Observer  
  33  3:04  Pylon  
  33  3:05  Stalker  
  35  3:09  Stalker  
  37  3:27  Warp Prism  
  39  3:47  Stalker x2  
  41  3:52  Stalker  
  43  3:58  Pylon  
  43  4:13  Stalker x2  

Tags
 
Add a new tag
Caveats
  • Supply blocks, unpowered buildings, or Contaminate may cause inaccurate times.
  • Supply counts are checked every 10 seconds.